 Dungeon Crawl Stone Soup version 0.29.1-2-gbd0b4ee654 (webtiles) character file.

Game seed: 357733085166035275

1200 styxcanada the Covert (level 8, 0/44 HPs)
             Began as a Spriggan Brigand on Nov 2, 2022.
             Was an Initiate of Gozag.
             Killed by divine providence
             ... invoked by an orc priest
              (13 damage)
             ... on level 5 of the Dungeon.
             The game lasted 00:21:56 (6467 turns).

styxcanada the Covert (Spriggan Brigand)            Turns: 6467, Time: 00:21:57

Health: 0/44       AC:  4    Str:  5      XL:     8   Next: 21%
Magic:  9/9        EV: 21    Int: 10 (12) God:    Gozag
Gold:   323        SH:  5    Dex: 19      Spells: 7/7 levels left

rFire   . . .      SeeInvis +   p - +4 dagger (freeze)
rCold   . . .      Faith    .   (no shield)
rNeg    . . .      Spirit   .   b - +1 robe
rPois   +          Reflect  +   (helmet restricted)
rElec   .          Harm     .   c - +0 cloak
rCorr   .          Rampage  .   (gloves unavailable)
Will    +....      Clarity  +   (boots unavailable)
Stlth   +++++.....              n - amulet of reflection
HPRegen 0.14/turn               j - ring of poison resistance
MPRegen 0.11/turn               (no ring)

@: very quick
A: very small, no large weapons, unfitting armour, see invisible, speed 3,
clarity, deterioration 1, robust 1, weak 1
a: Renounce Religion, Potion Petition, Call Merchant, Bribe Branch


You were on level 5 of the Dungeon.
You worshipped Gozag.
Gozag was aware of your devotion.
You visited 2 branches of the dungeon, and saw 6 of its levels.

You collected 379 gold pieces.
You paid 56 gold pieces to Gozag.

Inventory:

Hand Weapons
 a - a +2 dagger
 l - a +1 dagger of flaming
 p - a +4 dagger of freezing (weapon)
 v - a +0 sling
Missiles
 d - 9 poisoned darts (quivered)
 e - a curare-tipped dart
 f - 44 stones
Armour
 b - a +1 robe (worn)
 c - a +0 cloak (worn)
Jewellery
 j - a ring of poison resistance (left hand)
 n - an amulet of reflection (around neck)
Wands
 s - a wand of roots (5)
Scrolls
 k - 2 scrolls of fear
 q - a scroll of silence
 u - a scroll of poison
 w - a scroll of fog
Potions
 g - a potion of haste
 h - a potion of invisibility
 i - 3 potions of curing
 m - a potion of brilliance
 o - a potion of resistance {unknown}
 r - 2 potions of attraction {unknown}
 t - a potion of lignification {unknown}
 x - a potion of heal wounds {unknown}
 z - 2 potions of flight {unknown}


   Skills:
 * Level 3.2 Fighting
 + Level 4.8 Short Blades
 + Level 3.3 Throwing
 * Level 5.9 Dodging
 * Level 10.2 Stealth
 + Level 1.2 Shields
 * Level 3.1 Evocations


You had 7 spell levels left.
You didn't know any spells.
Your spell library contained the following spells:

 Spells                   Type           Power      Damage    Failure   Level
 Blink                    Tloc           0%         N/A       50%         2
 Manifold Assault         Tloc           0%         N/A       100%        5
 Storm Form               Tmut/Air       0%         N/A       100%        7


Dungeon Overview and Level Annotations

Branches:
Dungeon (5/15)             Temple (1/1) D:4

Altars:
Ashenzari
Elyvilon
Fedhas
Gozag
Kikubaaqudgha
Okawaru
Qazlal
Ru
Uskayaw
Vehumet
Wu Jian
Yredelemnul
The Shining One


Innate Abilities, Weirdness & Mutations

You are very small and have problems with some larger weapons.
You are too small for most types of armour.
You have supernaturally acute eyesight. (SInv)
You cover ground extremely quickly. (Speed+++)
You possess an exceptional clarity of mind.
Your body sometimes deteriorates upon taking damage.
You are robust. (+10% HP)
You are weak. (Str -2)


Message History

You hit the orc wizard. You freeze the orc wizard.
You kill the orc wizard!
The orc priest hits you from afar with a +0 trident.
The orc priest barely misses you.
Things that are here:
5 gold pieces; a +0 dagger; a +0 robe You barely miss the orc priest.
You hit the orc priest but do no damage.
The orc priest closely misses you.
You completely miss the orc priest. The orc priest completely misses you.
You closely miss the orc priest.
The orc priest calls down the wrath of Beogh upon you.
You resist with some effort.
You hit the orc priest but do no damage.
The orc priest hits you with a +0 trident.
You barely miss the orc priest.
You hit the orc priest but do no damage.
The orc priest barely misses you.
You hit the orc priest. You freeze the orc priest.
The orc priest is lightly wounded.
The orc priest completely misses you.
You hit the orc priest but do no damage.
The orc priest is lightly wounded.
You hit the orc priest but do no damage.
The orc priest is lightly wounded.
The orc priest begins to cast a cantrip, but forgets the words!
You hit the orc priest. You freeze the orc priest.
The orc priest is moderately wounded.
The orc priest closely misses you.
You barely miss the orc priest.
The orc priest is moderately wounded.
The orc priest hits you with a +0 trident.
* * * LOW HITPOINT WARNING * * *
Your body deteriorates!
You feel dopey.
You hit the orc priest. You freeze the orc priest.
The orc priest is heavily wounded.
The orc priest calls down the wrath of Beogh upon you.
Beogh smites you!
You die...
Your body crumbles into a pile of gold.

#...>.....# ###
##........#
#.####.........#
#..##..........#
##..#..##.......#
#.....####.#....#
#....## ##.#####
##..### #.##
##.@## ##.# #o$##
#.## #..## ##.#
....# #.## ..###.
##.# # ###


You could see an orc priest.

Vanquished Creatures
  Eustachio (D:4)
  An ice beast (D:5)
  A black bear (D:5)
  3 ogres (D:4)
  A phantom (D:4)
  Blork the orc (D:5)
  A howler monkey (D:3)
  A jelly (D:5)
  An orc priest (D:5)
  3 hounds
  3 orc wizards (D:5)
  13 adders
  2 shadow imps (D:5)
  An ufetubus (D:4)
  2 worms (D:2)
  3 dart slugs
  8 orcs
  10 ball pythons
  2 bats (D:1)
  3 endoplasms
  5 giant cockroaches
  7 goblins
  2 hobgoblins
  A jackal (D:5)
  5 quokkas
  6 frilled lizards
  11 kobolds
  9 rats
107 creatures vanquished.

Vanquished Creatures (others)
  A fungus (D:1)
  9 plants (D:2)
10 creatures vanquished.

Grand Total: 117 creatures vanquished

Notes
Turn   | Place    | Note
-------+----------+-------------------------------------------
     0 | D:1      | styxcanada the Spriggan Brigand began the quest for the
                  | Orb.
     0 | D:1      | Reached XP level 1. HP: 10/10 MP: 2/2
   147 | D:1      | Reached skill level 6 in Stealth
   386 | D:1      | Reached XP level 2. HP: 14/14 MP: 3/3
   938 | D:1      | Reached skill level 7 in Stealth
  1482 | D:2      | Reached XP level 3. HP: 18/18 MP: 4/4
  2035 | D:2      | Found a blossoming altar of Fedhas.
  2046 | D:2      | Reached XP level 4. HP: 17/23 MP: 5/5
  2906 | D:3      | Reached skill level 8 in Stealth
  2906 | D:3      | Reached XP level 5. HP: 26/26 MP: 6/6
  2929 | D:3      | Gained mutation: You have hidden genetic defects. [potion
                  | of mutation]
  2929 | D:3      | Gained mutation: You are strong-willed. (Will+) [potion of
                  | mutation]
  2929 | D:3      | Gained mutation: You are weak. (Str -2) [potion of
                  | mutation]
  2929 | D:3      | Gained mutation: You are robust. (+10% HP) [potion of
                  | mutation]
  2930 | D:3      | Lost mutation: You have hidden genetic defects. [potion of
                  | mutation]
  2930 | D:3      | Lost mutation: You are strong-willed. (Will+) [potion of
                  | mutation]
  2930 | D:3      | Gained mutation: You possess an exceptional clarity of
                  | mind. [potion of mutation]
  2930 | D:3      | Gained mutation: Your body sometimes deteriorates upon
                  | taking damage. [potion of mutation]
  3074 | D:3      | Found an iron altar of Okawaru.
  3368 | D:4      | Noticed a phantom
  3399 | D:4      | Killed a phantom
  3582 | D:4      | Reached XP level 6. HP: 33/33 MP: 7/7
  3624 | D:4      | Reached skill level 9 in Stealth
  3861 | D:4      | Noticed Eustachio
  3945 | D:4      | Killed Eustachio
  3946 | D:4      | Reached skill level 1 in Shields
  3946 | D:4      | Reached XP level 7. HP: 19/38 MP: 8/8
  4120 | D:4      | Found a basalt altar of Yredelemnul.
  4302 | D:4      | Reached skill level 5 in Dodging
  4476 | D:4      | Identified the +5 ring mail "Esumaut" {-Cast Str+5 Slay+3}
  4575 | D:4      | Found a staircase to the Ecumenical Temple.
  4581 | Temple   | Entered the Ecumenical Temple
  4667 | Temple   | Became a worshipper of Gozag Ym Sagoz the Greedy
  4908 | D:5      | Entered Level 5 of the Dungeon
  5598 | D:5      | Reached skill level 1 in Evocations
  5669 | D:5      | Noticed Blork the orc
  5704 | D:5      | Killed Blork the orc
  5705 | D:5      | Reached skill level 10 in Stealth
  5841 | D:5      | Reached XP level 8. HP: 23/44 MP: 9/9
  6348 | D:5      | Found a broken altar of Ashenzari.
  6467 | D:5      | Killed from afar by an orc priest

Illustrated notes

Levels and vault maps discovered:
D:1:      dpeg_cavernosity, layout_basic
D:2:      layout_basic, basic_altar, serial_bayou_lagoon_b
D:3:      layout_loops_cross, okawaru_metal_pillars_1_2, grunt_ministairs_9
D:4:      layout_loops_ring, mainiacjoe_overflow_brackets,
          minmay_temple_entry_enclosed_plants, uniq_eustachio
D:5:      layout_cave_pods, evilmike_ruin_ashenzari,
          eino_small_chamber_without_monster, minmay_fractal_squares_5,
          uniq_blork_the_orc
Temple:   hellmonk_temple_beads

Skill      XL: |  1  2  3  4  5  6  7  8 |
---------------+-------------------------+-----
Stealth        | 6 7 8 9 10 | 10.2
Dodging        | 2 3 4 5 |  5.9
Fighting       | 2 3 |  3.2
Short Blades   | 3 4 |  4.8
Shields        | 1 |  1.2
Evocations     | 1 3 |  3.1
Throwing       | 3 |  3.3

Action                   |  1- 3 |  4- 6 |  7- 9 || total
-------------------------+-------+-------+-------++-------
Melee: Dagger            |    86 |   166 |   131 ||   383
       Punch             |       |     3 |       ||     3
 Fire: Sling             |       |       |     5 ||     5
Throw: Dart              |    14 |    20 |    25 ||    59
Evoke: Wand              |       |       |     4 ||     4
  Use: Scroll            |     8 |     6 |     6 ||    20
       Potion            |       |     2 |       ||     2
 Stab: Sleeping          |     9 |    11 |     4 ||    24
       Distracted        |       |     1 |       ||     1
Armor: Robe              |    14 |    13 |    11 ||    38
Dodge: Dodged            |    52 |   112 |    86 ||   250
Block: Other             |     2 |    42 |    20 ||    64
       Reflection        |       |     2 |       ||     2
